 Dungeon Crawl Stone Soup version 0.20-a0-1026-gc3ddcbd (webtiles) character file.

488 CanOfBees the Skirmisher (level 6, 0/49 HPs)
             Began as a Demonspawn Gladiator on Apr 21, 2017.
             Succumbed to a worker ant's poison
             ... on level 4 of the Dungeon.
             The game lasted 00:09:55 (4507 turns).

CanOfBees the Skirmisher (Demonspawn Gladiator)     Turns: 4507, Time: 00:09:55

Health: 0/49       AC:  4    Str: 19    XL:     6   Next: 90%
Magic:  6/6        EV: 14    Int: 10    God:
Gold:   153        SH:  6    Dex: 14    Spells: 5/5 levels left

rFire    + . .     SeeInvis .   g - -2 trident (curse)
rCold    + . .     Gourm    .   (no shield)
rNeg     + . .     Faith    .   b - +0 leather armour
rPois    +         Spirit   .   c - +0 helmet
rElec    +         Reflect  .   (no cloak)
rCorr    +         Harm     .   (no gloves)
MR       .....                  (no boots)
Stlth    +.........             (no amulet)
Regen    0.2/turn               t - ring of positive energy
MPRegen  0.1/turn               (no ring)

@: mighty, lethally poisoned (0 -> -13), resistant, very slightly contaminated,
hasted, invisible, very quick
A: large bone plates 2, clumsy 1, demonic guardian 1, foul stench 1, evolution
1, rot immunity
a: no special abilities


You were on level 4 of the Dungeon.
You were hungry.

You visited 1 branch of the dungeon, and saw 4 of its levels.

You collected 153 gold pieces.

Inventory:

Hand Weapons
 a - a +0 quarterstaff
 g - a cursed -2 trident (weapon)
 w - a +0 blowgun
Missiles
 p - 4 tomahawks
 v - 4 javelins
 x - 5 poisoned needles
 A - a throwing net (quivered)
Armour
 b - a +0 leather armour (worn)
 c - a +0 helmet (worn)
Jewellery
 t - a ring of positive energy (left hand)
 y - an uncursed ring of protection from fire {unknown}
Wands
 m - a wand of digging (11/24)
Scrolls
 j - a scroll of enchant armour {unknown}
 l - a scroll of enchant weapon {unknown}
 s - 5 scrolls of identify
 z - a scroll of immolation {unknown}
Potions
 n - a potion of degeneration {unknown}
 q - a potion of might
Books
 r - a book of Minor Magic

   Spells                             Type                      Level
   a - Magic Dart                     Conjuration                  1
   b - Blink                          Translocation                2
   c - Call Imp                       Summoning                    2
   d - Slow                           Hexes                        2
   e - Conjure Flame                  Conjuration/Fire             3
   f - Mephitic Cloud                 Conjuration/Poison/Air       3
Comestibles
 d - 3 chunks of flesh
 f - 5 bread rations
 k - 6 meat rations
 o - 3 fruits
 u - a royal jelly


   Skills:
 + Level 4.6 Fighting
 + Level 4.6 Staves
 - Level 1.7 Throwing
 + Level 4.5 Dodging


You had 5 spell levels left.
You didn't know any spells.

Dungeon Overview and Level Annotations

Branches:
Dungeon (4/15)
 Temple: D:4-7

Altars:


Innate Abilities, Weirdness & Mutations

You are mostly covered in large bone plates. (SH +6)
A weak demonic guardian rushes to your aid.
You may emit foul miasma when damaged in melee.
You are immune to rotting.
You are clumsy. (Dex -2)
You evolve.


Message History

The worker ant is moderately wounded.
* * * LOW HITPOINT WARNING * * *
You feel sick. The worker ant bites you.
* * * LOW HITPOINT WARNING * * *
You block the worker ant's attack.
It was a potion of might.
You feel very mighty all of a sudden.
* * * LOW HITPOINT WARNING * * *
You feel sick. The worker ant barely misses you.
It was a potion of invisibility.
You fade into invisibility!
* * * LOW HITPOINT WARNING * * *
You feel sick. You block the worker ant's attack.
You are very lightly contaminated with residual magic.
It was a potion of resistance.
You feel protected.
* * * LOW HITPOINT WARNING * * *
You feel sick. You block the worker ant's attack.
It was a potion of haste.
You feel yourself speed up.
You die...

.# ..!. .# ...# .#
... .######## ..#
........########
..#
#####.#........#
..## #
#.########.###...#
# #.# ######.##a#
#####.# #......5@##
### ....#.#
#.####.#.# ..#
..#.#.###.# #.#.#
#.# ..........#
#.##. #.#
.<#.#.##### #..##.
#.# #.#.#.#
##.########.#
#.#.#.#
#.##.......########
#.#.#.#
#.##.#.............
#)#.#.####
#.##.#.############


You could see a worker ant and a friendly quasit.

Vanquished Creatures
  Grinder (D:3)
  2 ogres (D:4)
  A worker ant (D:4)
  3 gnolls (D:3)
  5 adders
  5 worms
  A dart slug (D:2)
  4 leopard geckos
  3 orcs
  7 goblins
  8 hobgoblins
  7 jackals (D:2)
  8 kobolds
  2 quokkas
  4 bats
  2 frilled lizards (D:1)
  12 rats
75 creatures vanquished.

Vanquished Creatures (collateral kills)
  Jessica (D:2)
  A gnoll (D:3)
2 creatures vanquished.

Grand Total: 77 creatures vanquished

Notes
Turn   | Place    | Note
-------+----------+-------------------------------------------
     0 | D:1      | CanOfBees the Demonspawn Gladiator began the quest for the Orb.
     0 | D:1      | Reached XP level 1. HP: 16/16 MP: 1/1
   415 | D:1      | Gained mutation: You are partially covered in large bone plates. (SH +4) [demonic ancestry]
   415 | D:1      | Reached XP level 2. HP: 22/22 MP: 2/2
  1403 | D:2      | Gained mutation: A weak demonic guardian rushes to your aid. [demonic ancestry]
  1403 | D:2      | Reached XP level 3. HP: 28/28 MP: 3/3
  1875 | D:2      | Noticed Jessica
  1896 | D:2      | Killed Jessica
  1896 | D:2      | Gained mutation: You are mostly covered in large bone plates. (SH +6) [demonic ancestry]
  1896 | D:2      | Reached XP level 4. HP: 19/35 MP: 4/4
  2339 | D:3      | Noticed Grinder
  2357 | D:3      | Killed Grinder
  2357 | D:3      | Gained mutation: You are immune to rotting. [demonic ancestry]
  2357 | D:3      | Reached XP level 5. HP: 28/42 MP: 5/5
  2722 | D:3      | Gained mutation: You may emit foul miasma when damaged in melee. [demonic ancestry]
  2722 | D:3      | Reached XP level 6. HP: 29/48 MP: 6/6
  3181 | D:3      | Gained mutation: You are somewhat resistant to further mutation. [potion of mutation]
  3183 | D:3      | Lost mutation: You are somewhat resistant to further mutation. [potion of mutation]
  3183 | D:3      | Gained mutation: You are clumsy. (Dex -2) [potion of mutation]
  3183 | D:3      | Gained mutation: You evolve. [potion of mutation]
  4505 | D:4      | HP: 2/49 [poisoned by a worker ant]
  4507 | D:4      | Succumbed to a worker ant's poison

Vault maps used:
D:1:      moated_graveyard_arrival, serial_glass, glass_columns_b,
          glass_columns_c, minivault_4, minmay_misc_feat_encased
D:2:      first_bread, supply_closet_lemuel, uniq_jessica
D:3:      uniq_grinder
D:4:      minitemple, uniq_menkaure

Skill      XL: |  1  2  3  4  5 |
---------------+----------------+-----
Dodging        | 3 4 |  4.5
Staves         | 3 4 |  4.6
Fighting       | 3 4 |  4.6
Throwing       | |  1.7

Action                   |  1- 3 |  4- 6 || total
-------------------------+-------+-------++-------
Melee: Quarterstaff      |   129 |    96 ||   225
       Trident           |       |    80 ||    80
Throw: Throwing net      |     3 |    10 ||    13
  Use: Potion            |     2 |     6 ||     8
       Scroll            |     1 |     3 ||     4
 Stab: Sleeping          |     1 |     1 ||     2
       Held in net/web   |     1 |     5 ||     6
       Distracted        |       |     2 ||     2
  Eat: Chunk             |     3 |     8 ||    11
Armor: Leather armour    |    25 |    25 ||    50
Dodge: Dodged            |    83 |    93 ||   176
Block: Other             |    13 |    58 ||    71
